 Dungeon Crawl Stone Soup version 0.31-a0-188-g5e087ee2ca (webtiles) character file.

Game seed: 1962514104642955144

677 qw the Skirmisher (level 7, -2/40 HPs)
             Began as a Deep Elf Hunter on June 23, 2023.
             Slain by a gnoll
             ... wielding a +0 flail
             ... led by a gnoll bouda
              (5 damage)
             ... on level 5 of the Dungeon.
             The game lasted 00:01:32 (3237 turns).

qw the Skirmisher (Deep Elf Hunter)                 Turns: 3237, Time: 00:01:32

Health: -2/40      AC: 12    Str:  9    XL:     7   Next: 33%
Magic:  9/9        EV: 11    Int: 18    God:
Gold:   241        SH:  5    Dex: 17    Spells: 6/6 levels left

rFire   . . .        Y - +0 shortbow
rCold   . . .        (shield currently unavailable)
rNeg    . . .        j - +0 ring mail
rPois   .            i - +0 helmet
rElec   .            (no cloak)
rCorr   .            k - +2 pair of gloves
SInv    .            a - +0 pair of boots
Will    .....        e - amulet of reflection
Stlth   +            (no ring)
HPRegen 0.26/turn    (no ring)
MPRegen 0.11/turn

%: reflection
@: no status effects
A: iridescent scales 1, clever 1
a: no special abilities


You were on level 5 of the Dungeon.
You visited 1 branch of the dungeon, and saw 5 of its levels.

You collected 241 gold pieces.


Innate Abilities, Weirdness & Mutations

You are partially covered in iridescent scales. (AC +2)
Your mind is acute. (Int +4, Str/Dex -1)


   Skills:
 - Level 2.1 Fighting
 + Level 10.8 Ranged Weapons
 - Level 1.9 Armour
 - Level 3.0 Dodging
 - Level 1.2 Stealth


You had 6 spell levels left.
You didn't know any spells.
Your spell library was empty.

Inventory:

Hand Weapons
 Y - a +0 shortbow (weapon)
Armour
 a - a +0 pair of boots (worn)
 i - a +0 helmet (worn)
 j - a +0 ring mail (worn)
 k - a +2 pair of gloves (worn)
Jewellery
 e - an amulet of reflection (around neck)
Scrolls
 b - a scroll of identify
Potions
 c - a potion of enlightenment
 d - 3 potions of mutation
 f - a potion of lignification {unknown}
 g - 2 potions of attraction {unknown}

Dungeon Overview and Level Annotations

Branches:
Dungeon (5/15)
 Temple: D:4-7

Altars:
Makhleb
Qazlal
Sif Muna
Zin

Annotations:
D:5 Ijyb


Message History

You shoot an arrow. The arrow hits Ijyb.
Ijyb is moderately wounded.
The gnoll barely misses you. You block Ijyb's attack.
You shoot an arrow. The arrow hits Ijyb.
Ijyb is heavily wounded.
The gnoll hits you but does no damage.
You shoot an arrow. The arrow hits Ijyb!
Ijyb is severely wounded.
Ijyb misses you. You block the gnoll's attack.
You shoot an arrow. The arrow hits Ijyb but does no damage.
Ijyb is severely wounded.
Ijyb hits you but does no damage. The gnoll hits you with a +0 flail.
Ijyb closely misses you.
You shoot an arrow. The arrow barely misses Ijyb.
The arrow hits the iguana but does no damage.
The gnoll hits you with a +0 flail! Ijyb closely misses you.
You shoot an arrow. The arrow closely misses Ijyb.
The arrow hits the iguana.
The iguana is lightly wounded.
The gnoll hits you with a +0 flail. Ijyb hits you with a +0 club.
You shoot an arrow. The arrow hits Ijyb but does no damage.
Ijyb is severely wounded.
The gnoll barely misses you. Ijyb misses you.
You shoot an arrow. The arrow closely misses Ijyb.
The arrow closely misses the iguana.
The gnoll barely misses you. Ijyb closely misses you.
You shoot an arrow. The arrow closely misses Ijyb.
The arrow hits the iguana but does no damage.
The iguana is lightly wounded.
You block the gnoll's attack. Ijyb hits you but does no damage.
You shoot an arrow. The arrow barely misses Ijyb.
The arrow hits the iguana but does no damage.
The iguana is lightly wounded.
The gnoll barely misses you. Ijyb hits you with a +0 club.
You shoot an arrow. The arrow closely misses Ijyb.
The arrow hits the iguana.
The iguana is heavily wounded.
The gnoll closely misses you. Ijyb hits you but does no damage.
You shoot an arrow. The arrow closely misses Ijyb.
The arrow hits the iguana.
The iguana is heavily wounded.
The gnoll hits you with a +0 flail.
You die...

.......<..............
###.......#...........
#.......####.........
#.#.......#####.#..#
#...###.#..####.##.
..#.# #.......#.#
..#.# #####.#...##
#...# #...).g#####.##
...## #####.@gl......
#..# ####)...... #:##
...#### ... #...? ....
...... .#### ...### .#
..g ## .g.#


You could see Ijyb, an iguana and a gnoll.

Vanquished Creatures
  Grinder (D:5)
  A kobold brigand (D:4)
  A scorpion (D:4)
  A howler monkey (D:4)
  A jelly (D:4)
  A gnoll bouda (D:5)
  A hound (D:4)
  Jessica (D:3)
  An iguana (D:4)
  3 gnolls (D:5)
  4 adders
  An ufetubus (D:4)
  A worm (D:3)
  2 dart slugs
  4 orcs (D:4)
  5 bats
  7 endoplasms
  3 giant cockroaches
  7 hobgoblins
  8 jackals
  10 kobolds
  5 quokkas (D:1)
  3 ball pythons (D:2)
  4 frilled lizards
  9 goblins
  9 rats
94 creatures vanquished.

Notes
Turn   | Place    | Note
-------+----------+-------------------------------------------
     0 | D:1      | qw the Deep Elf Hunter began the quest for the Orb.
     0 | D:1      | Reached XP level 1. HP: 12/12 MP: 3/3
     0 | D:1      | 0 ||| qw: Version: 0.3-a-9-g12657ce
     0 | D:1      | 0 ||| qw: Game counter: 4010
     0 | D:1      | 0 ||| qw: Always use a shield: true
     0 | D:1      | 0 ||| qw: God list: Okawaru
     0 | D:1      | 0 ||| qw: Allow faded altars: false
     0 | D:1      | 0 ||| qw: Do Orc after D:15 true
     0 | D:1      | 0 ||| qw: Do second Lair branch before Depths: true
     0 | D:1      | 0 ||| qw: Lair rune preference: random
     0 | D:1      | 0 ||| qw: Plans: Normal
     0 | D:1      | 0 ||| PLANNING D:1-11
   155 | D:1      | Reached XP level 2. HP: 16/16 MP: 4/4
   157 | D:1      | Reached skill level 6 in Ranged Weapons
   459 | D:1      | Reached XP level 3. HP: 20/20 MP: 5/5
   589 | D:1      | 589 ||| UPGRADING to +0 ring mail.
   599 | D:1      | 599 ||| DROPPING +0 leather armour.
   600 | D:1      | 600 ||| READING 3 scrolls labelled AMOOSENY CUDD.
   601 | D:1      | 601 ||| READING scroll labelled VEMOGG WUIRO.
   602 | D:1      | 602 ||| READING scroll labelled ASIEROBBYO.
   603 | D:1      | 603 ||| DRINKING 4 murky dark potions.
   603 | D:1      | Gained mutation: You are partially covered in iridescent
                  | scales. (AC +2) [potion of mutation]
   603 | D:1      | Gained mutation: Your mind is acute. (Int +4, Str/Dex -1)
                  | [potion of mutation]
   604 | D:1      | 604 ||| DRINKING 2 coppery potions.
   605 | D:1      | 605 ||| DROPPING 2 scrolls of fear.
   606 | D:1      | 606 ||| DROPPING scroll of butterflies.
   619 | D:2      | Reached skill level 7 in Ranged Weapons
   825 | D:2      | Found a shimmering blue altar of Sif Muna.
  1254 | D:2      | Reached XP level 4. HP: 25/25 MP: 6/6
  1285 | D:2      | Found a faded altar of an unknown god.
  1302 | D:2      | 1302 ||| UPGRADING to +0 helmet.
  1307 | D:2      | 1307 ||| UPGRADING to amulet of the acrobat.
  1312 | D:2      | 1312 ||| READING scroll labelled SUAXKI RICA.
  1313 | D:2      | 1313 ||| READING scroll labelled EMITEH WOCZYDUL.
  1314 | D:2      | 1314 ||| READING scroll labelled SIDOL UMEGUO.
  1316 | D:2      | 1316 ||| Stepping ~*~*~tactically~*~*~ (cloud).
  1323 | D:2      | HP: 6/25 [poisoned by you (poison gas)]
  1575 | D:3      | Noticed Jessica
  1576 | D:3      | Killed Jessica
  1577 | D:3      | Reached skill level 8 in Ranged Weapons
  1688 | D:3      | Found a stormy altar of Qazlal.
  2099 | D:3      | 2099 ||| UPGRADING to +0 pair of boots.
  2104 | D:3      | 2104 ||| UPGRADING to +2 pair of gloves.
  2109 | D:3      | 2109 ||| DRINKING 2 bubbling purple potions.
  2110 | D:3      | 2110 ||| READING 2 scrolls of identify.
  2110 | D:3      | 2110 ||| IDENTIFYING murky green potion
  2111 | D:3      | 2111 ||| DROPPING potion of magic.
  2171 | D:4      | Noticed a kobold brigand
  2188 | D:4      | Killed a kobold brigand
  2189 | D:4      | Reached skill level 1 in Armour
  2189 | D:4      | Reached XP level 5. HP: 29/29 MP: 7/7
  2341 | D:4      | HP: 7/29 [poisoned by a scorpion]
  2342 | D:4      | 2342 ||| DRINKING potion of heal wounds.
  2350 | D:4      | Reached skill level 9 in Ranged Weapons
  2350 | D:4      | Reached XP level 6. HP: 18/34 MP: 8/8
  2512 | D:4      | Found a burning altar of Makhleb.
  2649 | D:4      | Found a glowing silver altar of Zin.
  2966 | D:4      | 2966 ||| UPGRADING to amulet of reflection.
  2976 | D:4      | 2976 ||| DROPPING amulet of the acrobat.
  2977 | D:4      | 2977 ||| READING scroll labelled OGENOEXTO.
  2978 | D:4      | 2978 ||| READING scroll labelled FEZACO ZITHA.
  3004 | D:5      | Entered Level 5 of the Dungeon
  3033 | D:5      | Noticed Grinder
  3034 | D:5      | Paralysed by Grinder for 2 turns
  3055 | D:5      | Killed Grinder
  3056 | D:5      | Reached skill level 10 in Ranged Weapons
  3056 | D:5      | Reached XP level 7. HP: 13/40 MP: 9/9
  3187 | D:5      | 3187 ||| Stepping ~*~*~tactically~*~*~ (outnumbered).
  3189 | D:5      | Noticed Ijyb
  3190 | D:5      | 3190 ||| Stepping ~*~*~tactically~*~*~ (outnumbered).
  3198 | D:5      | Reached skill level 3 in Dodging
  3206 | D:5      | 3206 ||| DRINKING potion of curing.
  3206 | D:5      | 3206 ||| (to cure confusion)
  3230 | D:5      | HP: 9/40 [gnoll/+0 flail[a gnoll bouda] (7)]
  3235 | D:5      | HP: 3/40 [Ijyb/+0 club (3)]
  3237 | D:5      | Slain by a gnoll

Levels and vault maps discovered:
D:1:      ncdulo_watergridlock, layout_loops_cross
D:2:      layout_loops_ring, ebering_ecumenical_altar_box, basic_altar
D:3:      layout_basic, grunt_qazlal_clouds, uniq_jessica
D:4:      layout_loops_ring, zin_academy, mainiacjoe_overflow_tiny_flanked,
          chequers_jeans
D:5:      layout_rooms, minmay_temple_entry_poolview, uniq_grinder, uniq_ijyb

Skill      XL: |  1  2  3  4  5  6  7 |
---------------+----------------------+-----
Ranged Weapons | 6 7 8 9 10 | 10.8
Armour         | 1 |  1.9
Fighting       | 2 |  2.1
Dodging        | 3 |  3.0
Stealth        | |  1.2

Action                     |  1- 3 |  4- 6 |  7- 9 || total
---------------------------+-------+-------+-------++-------
   Fire: Shortbow          |   125 |   190 |    36 ||   351
    Use: Scroll            |     3 |     6 |       ||     9
         Potion            |     2 |     2 |     1 ||     5
 Armour: Leather armour    |     2 |       |       ||     2
         Ring mail         |    19 |    86 |    19 ||   124
  Dodge: Dodged            |    35 |   117 |    29 ||   181
  Block: Other             |       |     1 |     8 ||     9

Table legend:
 A = Non-vault XP
 B = Vault XP
 C = Vault XP percentage of total XP
 D = Non-vault monster count
 E = Vault monster count
 F = Vault count percentage of total count
                 A         B        C        D         E       F
            +---------+---------+-------+---------+---------+-------
      Total |     641 |     327 |  33.8 |      92 |       2 |   2.1
            +---------+---------+-------+---------+---------+-------
        D:1 |      49 |       0 |   0.0 |      29 |       0 |   0.0
        D:2 |      49 |       0 |   0.0 |      22 |       0 |   0.0
        D:3 |      44 |      37 |  45.7 |      11 |       1 |   8.3
        D:4 |     416 |       0 |   0.0 |      26 |       0 |   0.0
        D:5 |      83 |     290 |  77.7 |       4 |       1 |  20.0
            +---------+---------+-------+---------+---------+-------
